 Dungeon Crawl Stone Soup version 0.29-a0-577-gafbf2c5d25 (webtiles) character file.

Game seed: 15816000782267924667

210 xian the Skirmisher (level 5, -7/46 HPs)
             Began as a Draconian Fighter on June 14, 2022.
             Mangled by an ogre
             ... wielding a +0 giant spiked club
              (24 damage)
             ... on level 4 of the Dungeon.
             The game lasted 00:07:37 (3398 turns).

xian the Skirmisher (Draconian Fighter)             Turns: 3398, Time: 00:07:37

Health: -7/46      AC:  6    Str: 20    XL:     5   Next: 57%
Magic:  5/5        EV: 12    Int:  9    God:
Gold:   209        SH:  0    Dex: 10    Spells: 4/4 levels left

rFire   . . .      SeeInvis .   a - +1 long sword (vamp)
rCold   . . .      Faith    .   g - orb {mayhem}
rNeg    . . .      Spirit   .   (body armour unavailable)
rPois   .          Reflect  .   (helmet restricted)
rElec   .          Harm     .   d - +0 cloak
rCorr   .          Rampage  .   (no gloves)
Will    .....                   (no boots)
Stlth   +.........              (no amulet)
HPRegen 0.15/turn               (no ring)
MPRegen 0.09/turn               (no ring)

@: no status effects
A: AC +5, unfitting armour, cold-blooded
a: no special abilities


You were on level 4 of the Dungeon.
You visited 1 branch of the dungeon, and saw 4 of its levels.

You collected 209 gold pieces.

Inventory:

Hand Weapons
 a - a +1 vampiric long sword (weapon)
 m - a +0 club
Missiles
 l - 2 poisoned darts (quivered)
Armour
 b - a +0 buckler
 d - a +0 cloak (worn)
 g - an orb of mayhem (worn)
Wands
 n - a wand of paralysis (8)
 p - a wand of polymorph (11)
Scrolls
 o - a scroll of teleportation
Potions
 c - a potion of might
 e - 2 potions of haste
 f - 6 potions of curing
 h - a potion of berserk rage {unknown}
 i - a potion of resistance {unknown}
 j - 2 potions of mutation
 k - 2 potions of lignification {unknown}
 q - a potion of degeneration {unknown}


   Skills:
 + Level 4.2 Fighting
 + Level 3.9 Long Blades
 + Level 4.0 Dodging
 + Level 0.7 Stealth
 + Level 3.2 Shields


You had 4 spell levels left.
You didn't know any spells.
Your spell library contained the following spells:

 Spells                   Type           Power      Damage    Failure   Level
 Dazzling Flash           Conj/Hex       0%         N/A       77%         3
 Iskenderun's Mystic Bla  Conj/Tloc      0%         2d3       99%         4
 Dispersal                Tloc           0%         N/A       100%        6
 Starburst                Conj/Fire      0%         6d3       100%        6
 Disjunction              Tloc           0%         N/A       100%        8


Dungeon Overview and Level Annotations

Branches:
Dungeon (4/15)
 Temple: D:4-7

Altars:
Trog


Innate Abilities, Weirdness & Mutations

Your plain brown scales are hard. (AC +5)
You cannot fit into any form of body armour.
You are cold-blooded and may be slowed by cold attacks.


Message History

You see here 8 gold pieces.
You now have 209 gold pieces (gained 8).
The quokka bites you but does no damage.
You closely miss the quokka.
You tail-slap the quokka, but do no damage.
The quokka barely misses you.
You hit the quokka.
The quokka is severely wounded.
The quokka bites you but does no damage.
The quokka completely misses you.
You completely miss the quokka.
Your tail-slap misses the quokka.
The quokka is severely wounded.
The quokka closely misses you.
You hit the quokka.
You kill the quokka!
Your Dodging skill increases to level 4!
Found a scroll labelled XONILL ETTEWE.
An ogre comes into view. It is wielding a +0 giant spiked club.
The ogre shouts!
r - a scroll labelled XONILL ETTEWE
As you read the scroll labelled XONILL ETTEWE, it crumbles to dust.
It is a scroll of enchant weapon.
Your +0 vampiric long sword glows red for a moment.
You throw a poisoned dart.
The poisoned dart barely misses the ogre.
You throw a poisoned dart. The poisoned dart hits the ogre.
The ogre is poisoned.
The ogre hits you with a +0 giant spiked club!!
You hit the ogre.
You feel better.
You tail-slap the ogre, but do no damage.
The ogre is lightly wounded.
You hit the ogre.
The ogre is lightly wounded.
The ogre hits you with a +0 giant spiked club!
* * * LOW HITPOINT WARNING * * *
You slash the ogre!
You feel better.
The ogre is severely wounded.
The ogre hits you with a +0 giant spiked club!!
Ouch! That really hurt!
You die...

..........#
........O#
........# #
.......# #. ......#
.. ....
#####.####(########
........@O.........
#####..##........##
#...............
#.#...........#
#.##..........# #
#..........#
#..........#
###.........#
.#........#.#.$


You could see an ogre (poisoned).

Vanquished Creatures
  An iguana (D:4)
  Natasha (thrice) (D:3)
  2 adders
  2 dart slugs (D:3)
  2 worms (D:2)
  An orc (D:2)
  5 ball pythons
  7 endoplasms
  3 giant cockroaches
  4 hobgoblins
  9 jackals
  7 kobolds
  3 quokkas
  5 bats
  3 frilled lizards
  9 goblins
  8 rats
74 creatures vanquished.

Vanquished Creatures (collateral kills)
  A jackal (D:3)
  2 ball pythons
  A bat (D:3)
  A frilled lizard (D:3)
  2 rats (D:3)
7 creatures vanquished.

Vanquished Creatures (others)
  A bat (D:2)
  5 plants (D:1)
6 creatures vanquished.

Grand Total: 87 creatures vanquished

Notes
Turn   | Place    | Note
-------+----------+-------------------------------------------
     0 | D:1      | xian the Draconian Fighter began the quest for the Orb.
     0 | D:1      | Reached XP level 1. HP: 19/19 MP: 1/1
   187 | D:1      | Reached XP level 2. HP: 25/26 MP: 2/2
   239 | D:1      | Found a faded altar of an unknown god.
  1307 | D:2      | Reached XP level 3. HP: 24/33 MP: 3/3
  1429 | D:2      | Found a bloodstained altar of Trog.
  1928 | D:2      | Reached XP level 4. HP: 38/40 MP: 4/4
  2427 | D:3      | Noticed Natasha
  2443 | D:3      | Killed Natasha
  2589 | D:3      | Noticed Natasha
  2599 | D:3      | Killed Natasha
  2600 | D:3      | Reached XP level 5. HP: 10/46 MP: 5/5
  2922 | D:3      | Noticed Natasha
  2935 | D:3      | Killed Natasha
  3387 | D:4      | Noticed an ogre
  3398 | D:4      | Mangled by an ogre

Illustrated notes

Levels and vault maps discovered:
D:1:      mainiacjoe_arrival_reflecting_pool, layout_loops_corners,
          chequers_ecumenical_altar_simple_redux, chequers_big_river
D:2:      minmay_diamond_boxcup, layout_rooms, basic_altar, dk_noncrumbling_3
D:3:      layout_loops_cross, kennysheep_pointless_box,
          minmay_fractal_squares_5, uniq_natasha
D:4:      layout_basic

Skill      XL: |  1  2  3  4  5 |
---------------+----------------+-----
Dodging        | 3 4 |  4.0
Fighting       | 4 |  4.2
Long Blades    | 3 |  3.9
Stealth        | |  0.7
Shields        | |  3.2

Action                   |  1- 3 |  4- 6 || total
-------------------------+-------+-------++-------
Melee: Long sword        |   142 |    88 ||   230
       Tailslap          |    16 |     5 ||    21
       Unarmed           |       |     5 ||     5
Throw: Dart              |       |     2 ||     2
  Use: Scroll            |     7 |     3 ||    10
 Stab: Sleeping          |     1 |       ||     1
Armor: Skin              |    78 |    46 ||   124
Dodge: Dodged            |   151 |    96 ||   247
Block: Buckler           |    10 |       ||    10

Table legend: (Time is in decaauts)
 A = Elapsed time spent in this place.
 B = Non-inter-level travel time spent in this place.
 C = Inter-level travel time spent in this place.
 D = Time resting spent in this place.
 E = Time spent auto-exploring this place.
 F = Levels seen in this place.
 G = Mean time per level.
                   A        B        C        D        E       F      G
               +--------+--------+--------+--------+--------+-----+--------+
         Total |   3497 |   3443 |     54 |      0 |   2449 |   4 |  874.2 |
       Dungeon |   3497 |   3443 |     54 |      0 |   2449 |   4 |  874.2 |
               +--------+--------+--------+--------+--------+-----+--------+

Top non-repeatable levels by time:
     D:1: 1325 daAuts
     D:3: 1267 daAuts
     D:2: 845 daAuts
     D:4: 58 daAuts
